PAAA
FLORIDA MEN @ BAKERSFIELD NOBLES
08/17/2034
 
TOP OF THE 1ST
Florida Men batting - Pitching for Bakersfield Nobles : RHP Cameron Frye
Pitching: RHP Cameron Frye
Batting: SHB Henrique de Senna Fernandes 0-0: Ball
1-0: Called Strike
1-1: Foul Ball, location: 2F
1-2: Strikes out swinging
Batting: RHB José Córdova 0-0: Ball
1-0: Called Strike
1-1: Ball
2-1: Fly out, F7 (Flyball, 7LS)
Batting: RHB Vojtech Farkas 0-0: Ball
1-0: Called Strike
1-1: Ground out 6-3 (Groundball, 6)
Top of the 1st over - 0 runs, 0 hits, 0 errors, 0 left on base; Florida 0 - Bakersfield 0
BOTTOM OF THE 1ST
Bakersfield Nobles batting - Pitching for Florida Men : RHP Pedro Herrera
Pitching: RHP Pedro Herrera
Batting: RHB Wei-qiang Mo 0-0: Ground out 4-3 (Groundball, 4MS)
Batting: RHB Francisco Agámez 0-0: Ball
1-0: Swinging Strike
1-1: Foul Ball, location: 2F
1-2: SOLO HOME RUN (Flyball, 7LD), Distance : 349 ft
Batting: RHB Terry John 0-0: Fly out, F7 (Flyball, 7S)
Batting: RHB Omer Yurtseven 0-0: Ball
1-0: Called Strike
1-1: Foul Ball, location: 2F
1-2: Foul Ball, location: 2F
1-2: Foul Ball, location: 2F
1-2: SOLO HOME RUN (Flyball, 7LD), Distance : 339 ft
Batting: LHB Hideki Hisanobu 0-0: Ball
1-0: DOUBLE (Line Drive, 3D)
Batting: LHB Jesús Reyes 0-0: Called Strike
0-1: Ball
1-1: Ball
2-1: Foul Ball, location: 2F
2-2: Ball
3-2: Foul Ball, location: 2F
3-2: Ground out 4-3 (Groundball, 4)
Bottom of the 1st over - 2 runs, 3 hits, 0 errors, 1 left on base; Florida 0 - Bakersfield 2
TOP OF THE 2ND
Florida Men batting - Pitching for Bakersfield Nobles : RHP Cameron Frye
Batting: LHB Iemitsu Hatsutori 0-0: Ball
1-0: Swinging Strike
1-1: Ball
2-1: Called Strike
2-2: Ball
3-2: Reached on error, E4 (Popup, 4M)
Batting: RHB Bob Phillips 0-0: Foul Ball, location: 2F
0-1: Ball
1-1: Grounds into double play, 6-4-3 (Groundball, 6)
Batting: LHB Alfred Miles 0-0: Foul Ball, location: 2F
0-1: Ball
1-1: Foul Ball, location: 2F
1-2: Fly out, F7 (Flyball, 78M)
Top of the 2nd over - 0 runs, 0 hits, 1 error, 0 left on base; Florida 0 - Bakersfield 2
BOTTOM OF THE 2ND
Bakersfield Nobles batting - Pitching for Florida Men : RHP Pedro Herrera
Batting: SHB Jorge Velázquez 0-0: SINGLE (Groundball, 6MD)
Batting: RHB Juan Tellado 0-0: Ball
1-0: Called Strike
1-1: Foul Ball, location: 2F
1-2: Fly out, F9 (Flyball, 9S)
Batting: RHB Juan Dávila 0-0: Swinging Strike
0-1: Ground out 5-3 (Groundball, 5S)
Jorge Velázquez to second
Batting: RHB Wei-qiang Mo 0-0: Called Strike
0-1: Ball
1-1: Ball
2-1: Ground out 4-3 (Groundball, 4)
Bottom of the 2nd over - 0 runs, 1 hit, 0 errors, 1 left on base; Florida 0 - Bakersfield 2
TOP OF THE 3RD
Florida Men batting - Pitching for Bakersfield Nobles : RHP Cameron Frye
Batting: SHB Spencer Landes 0-0: Foul Ball, location: 2F
0-1: Ball
1-1: Ball
2-1: Ball
3-1: Ground out 4-3 (Groundball, 4)
Batting: RHB Dave Norton 0-0: Swinging Strike
0-1: Called Strike
0-2: Ball
1-2: Strikes out swinging
Batting: LHB Bastyăo Lizardo 0-0: Called Strike
0-1: Swinging Strike
0-2: Ball
1-2: Foul Ball, location: 2F
1-2: Ball
2-2: Foul Ball, location: 2F
2-2: Foul Ball, location: 2F
2-2: Foul Ball, location: 2F
2-2: Ground out 5-3 (Groundball, 25)
Top of the 3rd over - 0 runs, 0 hits, 0 errors, 0 left on base; Florida 0 - Bakersfield 2
BOTTOM OF THE 3RD
Bakersfield Nobles batting - Pitching for Florida Men : RHP Pedro Herrera
Batting: RHB Francisco Agámez 0-0: Called Strike
0-1: Swinging Strike
0-2: Ball
1-2: Ground out 5-3 (Groundball, 56)
Batting: RHB Terry John 0-0: Called Strike
0-1: Foul Ball, location: 2F
0-2: Foul Ball, location: 2F
0-2: Ball
1-2: Ball
2-2: SINGLE (Line Drive, 56)
Batting: RHB Omer Yurtseven 0-0: SINGLE (Line Drive, 5)
Terry John to second
Batting: LHB Hideki Hisanobu 0-0: Foul Ball, location: 2F
0-1: Called Strike
0-2: Ball
1-2: Ball
2-2: Foul Ball, location: 2F
2-2: Fly out, F8 (Flyball, 8LM)
Batting: LHB Jesús Reyes 0-0: Ball
1-0: Foul Ball, location: 2F
1-1: Foul Ball, location: 2F
1-2: Foul Ball, location: 2F
1-2: Foul Ball, location: 2F
1-2: Foul Ball, location: 2F
1-2: Ball
Wild Pitch!
Terry John to third
Omer Yurtseven to second
2-2: Foul Ball, location: 2F
2-2: Ball
3-2: Foul Ball, location: 2F
3-2: SINGLE (Line Drive, 3D)
Terry John scores
Omer Yurtseven to third
Omer Yurtseven scores
Batting: SHB Jorge Velázquez 0-0: Ball
1-0: SINGLE (Line Drive, 89S)
Jesús Reyes to second
Runner from 2nd tries for 3rd, SAFE, no throw
Batting: RHB Juan Tellado 0-0: Ball
1-0: SINGLE (Line Drive, 56D)
Jesús Reyes scores
Jorge Velázquez to second
Batting: RHB Juan Dávila 0-0: Ball
1-0: Called Strike
1-1: Ground out 4-3 (Groundball, 4)
Bottom of the 3rd over - 3 runs, 5 hits, 0 errors, 2 left on base; Florida 0 - Bakersfield 5
TOP OF THE 4TH
Florida Men batting - Pitching for Bakersfield Nobles : RHP Cameron Frye
Batting: SHB Henrique de Senna Fernandes 0-0: Called Strike
0-1: Ball
1-1: Swinging Strike
1-2: Strikes out looking
Batting: RHB José Córdova 0-0: Called Strike
0-1: Ball
1-1: Ball
2-1: Ball
3-1: Base on Balls
Batting: RHB Vojtech Farkas 0-0: SINGLE (Flyball, 89M)
José Córdova to second
Runner from 2nd tries for 3rd, SAFE, no throw
Pitching: RHP Nésto Gago
Batting: LHB Iemitsu Hatsutori 0-0: Ball
1-0: Ball
2-0: Ball
3-0: Base on Balls
Vojtech Farkas to second
Batting: RHB Bob Phillips 0-0: Ball
1-0: Ball
2-0: Called Strike
2-1: Swinging Strike
2-2: Foul Ball, location: 2F
2-2: Ball
3-2: Strikes out looking
Batting: LHB Alfred Miles 0-0: Foul Ball, location: 2F
0-1: Ball
1-1: Ball
2-1: Foul Ball, location: 2F
2-2: Ball
3-2: Ground out U3 (Groundball, 3L)
Top of the 4th over - 0 runs, 1 hit, 0 errors, 3 left on base; Florida 0 - Bakersfield 5
BOTTOM OF THE 4TH
Bakersfield Nobles batting - Pitching for Florida Men : RHP Pedro Herrera
Batting: RHB Wei-qiang Mo 0-0: Called Strike
0-1: Ball
1-1: Ball
2-1: Ball
3-1: DOUBLE (Line Drive, 7LM)
Batting: RHB Francisco Agámez 0-0: Called Strike
0-1: Ground out 4-3 (Groundball, 4)
Wei-qiang Mo to third
Batting: RHB Terry John 0-0: Ball
1-0: Swinging Strike
1-1: Called Strike
1-2: Single, Error in OF, E7, batter to second base
Wei-qiang Mo scores
Batting: RHB Omer Yurtseven 0-0: Ball
1-0: Ball
2-0: Ball
3-0: Called Strike
3-1: Fly out, F9 (Flyball, 89S)
Batting: LHB Hideki Hisanobu 0-0: Ground out 4-3 (Groundball, 4)
Bottom of the 4th over - 1 run, 2 hits, 1 error, 1 left on base; Florida 0 - Bakersfield 6
TOP OF THE 5TH
Florida Men batting - Pitching for Bakersfield Nobles : RHP Nésto Gago
Batting: SHB Spencer Landes 0-0: Fly out, F7 (Flyball, 7LMF)
Batting: RHB Dave Norton 0-0: Ball
1-0: Ball
2-0: Ball
3-0: Called Strike
3-1: Called Strike
3-2: Strikes out looking
Batting: LHB Bastyăo Lizardo 0-0: Swinging Strike
0-1: Called Strike
0-2: Strikes out looking
Top of the 5th over - 0 runs, 0 hits, 0 errors, 0 left on base; Florida 0 - Bakersfield 6
BOTTOM OF THE 5TH
Bakersfield Nobles batting - Pitching for Florida Men : RHP Pedro Herrera
Batting: LHB Jesús Reyes 0-0: Called Strike
0-1: Ball
1-1: Foul Ball, location: 2F
1-2: Foul Ball, location: 2F
1-2: Foul Ball, location: 2F
1-2: Fly out, F9 (Line Drive, 9D)
Batting: SHB Jorge Velázquez 0-0: Fly out, F7 (Flyball, 7LS)
Batting: RHB Juan Tellado 0-0: Ground out 6-3 (Groundball, 6M)
Bottom of the 5th over - 0 runs, 0 hits, 0 errors, 0 left on base; Florida 0 - Bakersfield 6
TOP OF THE 6TH
Florida Men batting - Pitching for Bakersfield Nobles : RHP Nésto Gago
Batting: SHB Henrique de Senna Fernandes 0-0: Ball
1-0: Foul Ball, location: 2F
1-1: Foul Ball, location: 2F
1-2: Fly out, F9 (Flyball, 9LSF)
Batting: RHB José Córdova 0-0: Foul Ball, location: 2F
0-1: Swinging Strike
0-2: Ball
1-2: Foul Ball, location: 2F
1-2: Ball
2-2: Foul Ball, location: 2F
2-2: Foul Ball, location: 2F
2-2: Foul Ball, location: 2F
2-2: Strikes out swinging
Batting: RHB Vojtech Farkas 0-0: Ball
1-0: Called Strike
1-1: SINGLE (Groundball, 34D)
Pitching: RHP Dave Hulton
Batting: LHB Iemitsu Hatsutori 0-0: Swinging Strike
0-1: Ball
1-1: Called Strike
1-2: Ball
Vojtech Farkas steals 2nd base
2-2: Ground out U3 (Groundball, 3L)
Top of the 6th over - 0 runs, 1 hit, 0 errors, 1 left on base; Florida 0 - Bakersfield 6
BOTTOM OF THE 6TH
Bakersfield Nobles batting - Pitching for Florida Men : RHP Pedro Herrera
Batting: RHB Juan Dávila 0-0: Called Strike
0-1: Ball
1-1: Ball
2-1: Foul Ball, location: 2F
2-2: Ball
3-2: Foul Ball, location: 2F
3-2: DOUBLE (Flyball, 8LXD)
Pitching: RHP Earl Simmons
Batting: RHB Wei-qiang Mo 0-0: Fly out, F7 (Flyball, 7S)
Batting: RHB Francisco Agámez 0-0: Ball
1-0: Foul Ball, location: 2F
1-1: Foul Ball, location: 2F
1-2: Foul Ball, location: 2F
1-2: Strikes out swinging
Batting: RHB Terry John 0-0: Ball
1-0: DOUBLE (Popup, 5D)
Juan Dávila scores
Batting: RHB Omer Yurtseven 0-0: Ball
1-0: Ball
2-0: Called Strike
2-1: Foul Ball, location: 2F
2-2: Fly out, F9 (Flyball, 9LDF)
Bottom of the 6th over - 1 run, 2 hits, 0 errors, 1 left on base; Florida 0 - Bakersfield 7
TOP OF THE 7TH
Florida Men batting - Pitching for Bakersfield Nobles : RHP Dave Hulton
Batting: RHB Bob Phillips 0-0: Swinging Strike
0-1: Ball
1-1: Foul Ball, location: 2F
1-2: Strikes out swinging
Batting: LHB Alfred Miles 0-0: Foul Ball, location: 2F
0-1: Ground out 4-3 (Groundball, 4M)
Batting: SHB Spencer Landes 0-0: Foul Ball, location: 2F
0-1: Ball
1-1: Ball
2-1: Swinging Strike
2-2: Ball
3-2: Foul Ball, location: 2F
3-2: Foul Ball, location: 2F
3-2: Strikes out looking
Top of the 7th over - 0 runs, 0 hits, 0 errors, 0 left on base; Florida 0 - Bakersfield 7
BOTTOM OF THE 7TH
Bakersfield Nobles batting - Pitching for Florida Men : RHP Earl Simmons
Batting: LHB Hideki Hisanobu 0-0: Ball
1-0: Swinging Strike
1-1: SINGLE (Groundball, 15S) (infield hit)
Batting: LHB Jesús Reyes 0-0: Foul Ball, location: 2F
0-1: Ball
1-1: Swinging Strike
1-2: Ball
2-2: Ball
3-2: Foul Ball, location: 2F
3-2: SINGLE (Line Drive, 4M)
Hideki Hisanobu to second
Hideki Hisanobu to third
Batting: SHB Jorge Velázquez 0-0: Called Strike
0-1: Ball
1-1: Swinging Strike
1-2: Strikes out swinging
Batting: RHB Juan Tellado 0-0: Swinging Strike
0-1: Foul Ball, location: 2F
0-2: Ball
1-2: Ball
2-2: Fielders Choice at 2nd, 5-4 (Groundball, 56)
Hideki Hisanobu scores
Batting: RHB Juan Dávila 0-0: Foul Ball, location: 2F
0-1: Ball
1-1: Ball
2-1: Foul Ball, location: 2F
2-2: Fly out, F3 (Line Drive, 3S)
Bottom of the 7th over - 1 run, 2 hits, 0 errors, 1 left on base; Florida 0 - Bakersfield 8
TOP OF THE 8TH
Florida Men batting - Pitching for Bakersfield Nobles : RHP Dave Hulton
Batting: RHB Dave Norton 0-0: Ball
1-0: Ball
2-0: Ball
3-0: Base on Balls
Batting: LHB Bastyăo Lizardo 0-0: Called Strike
0-1: Foul Ball, location: 2F
0-2: Strikes out swinging
Pitching: LHP Eugene Clarkston
Batting: SHB Henrique de Senna Fernandes 0-0: Fly out, F5 (Line Drive, 5)
Now at 3B: Bartolo Morales
Batting: RHB José Córdova 0-0: Foul Ball, location: 2F
0-1: Ball
1-1: Swinging Strike
1-2: Foul Ball, location: 2F
1-2: Strikes out swinging
Top of the 8th over - 0 runs, 0 hits, 0 errors, 1 left on base; Florida 0 - Bakersfield 8
BOTTOM OF THE 8TH
Bakersfield Nobles batting - Pitching for Florida Men : RHP Earl Simmons
Batting: RHB Wei-qiang Mo 0-0: Ball
1-0: Foul Ball, location: 2F
1-1: Foul Ball, location: 2F
1-2: DOUBLE (Line Drive, 7LM)
Batting: RHB Francisco Agámez 0-0: Foul Ball, location: 2F
0-1: 2-RUN HOME RUN (Flyball, 7D), Distance : 388 ft
Batting: RHB Terry John 0-0: Swinging Strike
0-1: Ground out U3 (Groundball, 3)
Batting: RHB Omer Yurtseven 0-0: Foul Ball, location: 2F
0-1: Ball
1-1: Swinging Strike
1-2: Strikes out swinging
Batting: LHB Hideki Hisanobu 0-0: Ball
1-0: Called Strike
1-1: Swinging Strike
1-2: Ball
2-2: DOUBLE (Flyball, 8RXD)
Batting: LHB Jesús Reyes 0-0: Called Strike
0-1: Fly out, F9 (Line Drive, 9)
Bottom of the 8th over - 2 runs, 3 hits, 0 errors, 1 left on base; Florida 0 - Bakersfield 10
TOP OF THE 9TH
Florida Men batting - Pitching for Bakersfield Nobles : LHP Eugene Clarkston
Batting: RHB Vojtech Farkas 0-0: SINGLE (Line Drive, 4M)
Batting: LHB Iemitsu Hatsutori 0-0: Fly out, F9 (Flyball, 89D)
Batting: RHB Bob Phillips 0-0: Called Strike
0-1: Swinging Strike
0-2: Ball
1-2: Strikes out swinging
Batting: LHB Alfred Miles 0-0: Called Strike
0-1: Swinging Strike
0-2: Ball
1-2: Strikes out swinging
Top of the 9th over - 0 runs, 1 hit, 0 errors, 1 left on base; Florida 0 - Bakersfield 10
Friday, March 29th, 2019 - OOTP Baseball 18.8 Build 76